 Dungeon Crawl Stone Soup version 0.19.0-20-gbc5f0c6 (webtiles) character file.

2242 tomat the Cleaver (level 9, 0/79 HPs)
             Began as a Deep Dwarf Fighter on Nov 17, 2016.
             Was a Believer of Trog.
             Slain by Philosophy's ghost (15 damage)
             ... on level 7 of the Dungeon.
             The game lasted 00:26:29 (5613 turns).

tomat the Cleaver (Deep Dwarf Fighter)              Turns: 5613, Time: 00:26:29

Health: 0/79       AC: 11    Str: 23    XL:     9   Next: 14%
Magic:  0/10       EV:  8    Int:  9    God:    Trog [**....]
Gold:   391        SH: 15    Dex: 12    Spells: 0 memorised, 8 levels left

rFire  + . .     SeeInvis .     a - +1 war axe
rCold  . . .     Gourm    .     J - +1 chain mail {rF+}
rNeg   . . .     Faith    .     c - +0 shield
rPois  .         Spirit   .     (helmet restricted)
rElec  .         Reflect  +     (no cloak)
rCorr  +         Harm     .     (no gloves)
MR     +....                    (no boots)
Stlth  ..........               m - +4 amulet of reflection
                                (no ring)
                                k - ring of resist corrosion

@: non-regenerating
A: damage resistance, recharge devices, antennae 2, sense surroundings 2, slow
regeneration 3, MP-powered wands
a: Device Recharging, Berserk, Trog's Hand, Burn Spellbooks, Renounce Religion


You were on level 7 of the Dungeon.
You worshipped Trog.
Trog was pleased with you.
You were not hungry.

You visited 1 branch of the dungeon, and saw 7 of its levels.
You also visited: Sewer.

You collected 391 gold pieces.

Inventory:

Hand Weapons
 a - a +1 war axe (weapon)
 g - a +3 dagger
 C - a +0 flail of holy wrath
Missiles
 h - 6 javelins
 x - 15 tomahawks (quivered)
Armour
 c - a +0 shield (worn)
 J - a +1 chain mail of fire resistance (worn)
Jewellery
 k - a ring of resist corrosion (left hand)
 m - a +4 amulet of reflection (around neck)
 s - an uncursed amulet of the gourmand
 D - an uncursed amulet of regeneration
Wands
 e - a wand of heal wounds (4/9)
 v - a wand of flame (33/48)
 E - a wand of lightning (0/15)
Scrolls
 l - 6 scrolls of teleportation
 o - 3 scrolls of identify
 p - 3 scrolls of enchant weapon
 t - a scroll of fog
 u - 3 scrolls of remove curse
 y - a scroll of recharging
 B - a scroll of noise
 H - a scroll of magic mapping
Potions
 d - 2 potions of might
 n - 2 potions of flight
 z - 2 potions of curing
Comestibles
 f - 3 bread rations
 j - 12 fruits
 q - 2 meat rations
 A - a beef jerky


   Skills:
 + Level 4.5 Fighting
 + Level 9.0 Axes
 + Level 6.2 Armour
 + Level 3.7 Dodging
 + Level 1.3 Stealth
 + Level 6.6 Shields
 + Level 1.3 Evocations


You had 8 spell levels left.
You didn't know any spells.

Dungeon Overview and Level Annotations

Branches:
Dungeon (7/15)             Temple (0/1) D:5

Altars:
Ashenzari
Dithmenos
Nemelex Xobeh
Qazlal
Trog
Yredelemnul
Zin

Annotations:
D:7 Philosophy's ghost, novice HOFi


Innate Abilities, Weirdness & Mutations

You are resistant to damage.
You can recharge devices by infusing magical energy.
You passively map the area around you.
You do not regenerate.
You have a pair of antennae on your head.
You expend magic power (3 MP) to strengthen your wands.


Message History

* * * LOW HITPOINT WARNING * * *
Evoke which item? (* to show all) (? for menu, Esc to quit)
Zapping:
e - a wand of heal wounds (5/9)
Press: ? - help, Shift-Dir - straight line, f - you You feel much better.
This wand has 4 charges left.
You block Philosophy's ghost's attack.
Your shield prevents you from hitting Philosophy's ghost.
Philosophy's ghost is severely damaged.
Philosophy's ghost closely misses you.
You hit Philosophy's ghost but do no damage.
Philosophy's ghost is heavily damaged.
Philosophy's ghost hits you!
* * * LOW HITPOINT WARNING * * *
You hit Philosophy's ghost but do no damage.
Philosophy's ghost is heavily damaged.
You block Philosophy's ghost's attack.
You hit Philosophy's ghost but do no damage.
Philosophy's ghost is heavily damaged.
You block Philosophy's ghost's attack. Philosophy's ghost hits you!
You die...

* , , .. * , , *
#. , , * * * *
#., ####.
######## * * *
,#.... ......# ,
* , ,, >.. ,
...#.# , * ,
#.####....####.*
* ,*
#OW@)..#.......
* ,, ,, ,
#.####)).#* ,* ,
,, *#.* ##)## *
* * , #. #.# * *
, *
*#.#####.#####..
**, , ,, ,
#).............
, *
###########.#.#
* , ** * *, , ,*
, * , , *


You could see an ogre and Philosophy's ghost.

Vanquished Creatures
  A two-headed ogre (D:4)
  Edmund (D:4)
  2 orc warriors
  An ice beast (D:6)
  2 phantoms
  A sky beast (D:4)
  A necrophage (D:6)
  A crocodile (Sewer)
  3 big kobolds
  A bullfrog (D:6)
  A scorpion (D:4)
  A howler monkey (D:6)
  A crimson imp (D:5)
  A hound (D:6)
  2 centaur skeletons (D:6)
  4 orc wizards
  3 orc priests
  A jelly (D:6)
  3 iguanas
  7 worker ants
  A hound skeleton (D:5)
  7 adders
  5 gnolls (D:5)
  2 river rats (D:5)
  An ooze (D:2)
  2 adder zombies (D:6)
  A worm (D:3)
  3 dart slugs
  5 leopard geckos
  22 orcs
  4 ball pythons
  6 bats
  6 giant cockroaches
  2 gnoll zombies (D:4)
  5 goblins
  3 hobgoblins
  10 jackals
  4 quokkas
  6 frilled lizards
  A jackal skeleton (D:4)
  A jackal zombie (D:5)
  19 kobolds
  A quokka skeleton (D:6)
  4 rats
159 creatures vanquished.

Notes
Turn   | Place    | Note
-------+----------+-------------------------------------------
     0 | D:1      | tomat the Deep Dwarf Fighter began the quest for the Orb.
     0 | D:1      | Reached XP level 1. HP: 20/20 MP: 1/1
   224 | D:1      | Reached XP level 2. HP: 22/27 MP: 2/2
   463 | D:2      | Reached XP level 3. HP: 23/33 MP: 3/3
  1055 | D:3      | Found a stormy altar of Qazlal.
  1068 | D:3      | Reached skill level 3 in Axes
  1143 | D:3      | Noticed a phantom
  1144 | D:3      | Reached XP level 4. HP: 23/42 MP: 4/4
  1178 | D:3      | Killed a phantom
  1178 | D:3      | Reached skill level 4 in Axes
  1178 | D:3      | Reached skill level 1 in Dodging
  1178 | D:3      | Reached XP level 5. HP: 29/49 MP: 5/5
  2166 | D:4      | Noticed a sky beast
  2190 | D:4      | Killed a sky beast
  2190 | D:4      | Reached XP level 6. HP: 11/56 MP: 6/6
  2573 | D:4      | Noticed Edmund
  2590 | D:4      | Killed Edmund
  2590 | D:4      | Reached skill level 5 in Axes
  2590 | D:4      | Reached skill level 5 in Armour
  2615 | D:4      | Reached skill level 1 in Evocations
  2712 | D:4      | Found a bloodstained altar of Trog.
  2737 | D:4      | Became a worshipper of Trog the Wrathful
  2809 | D:4      | Reached XP level 7. HP: 62/62 MP: 7/7
  2946 | D:4      | Noticed a two-headed ogre
  2954 | D:4      | HP: 2/62 [two-headed ogre/giant club (14)]
  2956 | D:4      | Killed a two-headed ogre
  2956 | D:4      | Reached skill level 1 in Stealth
  2992 | D:4      | Reached skill level 6 in Axes
  3384 | D:4      | Found a basalt altar of Yredelemnul.
  3498 | D:5      | Entered Level 5 of the Dungeon
  3565 | D:5      | Found a sparkling altar of Nemelex Xobeh.
  3565 | D:5      | Found a shadowy altar of Dithmenos.
  3711 | D:5      | Found a shattered altar of Ashenzari.
  3753 | D:5      | Reached * piety under Trog
  3793 | D:5      | Found a staircase to the Ecumenical Temple.
  3804 | D:5      | Reached skill level 5 in Shields
  3831 | D:5      | Found a glowing drain.
  3854 | D:5      | Reached XP level 8. HP: 45/72 MP: 9/9
  3883 | D:5      | Gained mutation: You expend magic power (3 MP) to strengthen your wands. [potion of mutation]
  3883 | D:5      | Gained mutation: You have a pair of small antennae on your head. [potion of mutation]
  3883 | D:5      | Gained mutation: You have a pair of antennae on your head. [potion of mutation]
  3890 | Sewer    | Entered a sewer
  3951 | Sewer    | Reached skill level 7 in Axes
  4566 | D:6      | Reached ** piety under Trog
  4686 | D:6      | Reached skill level 8 in Axes
  5189 | D:6      | Gained mutation: You passively map the area around you. [Deep Dwarf growth]
  5189 | D:6      | Reached XP level 9. HP: 25/79 MP: 10/10
  5416 | D:6      | Found a glowing silver altar of Zin.
  5554 | D:7      | Reached skill level 9 in Axes
  5583 | D:7      | Noticed Philosophy's ghost (novice HOFi)
  5613 | D:7      | Slain by Philosophy's ghost

Skill      XL: |  1  2  3  4  5  6  7  8  9 |
---------------+----------------------------+-----
Axes           | 3 4 5 6 8 9 |  9.0
Fighting       | 3 4 |  4.5
Armour         | 4 5 6 |  6.2
Dodging        | 1 2 3 |  3.7
Shields        | 4 5 6 |  6.6
Evocations     | 1 |  1.3
Stealth        | 1 |  1.3

Action                   |  1- 3 |  4- 6 |  7- 9 || total
-------------------------+-------+-------+-------++-------
Melee: War axe           |   110 |   130 |   366 ||   606
       Dagger            |    15 |       |       ||    15
Invok: Berserk           |       |       |     2 ||     2
       Trog's Hand       |       |       |     2 ||     2
Evoke: Wand              |       |     4 |     8 ||    12
  Use: Scroll            |     3 |       |    12 ||    15
       Potion            |       |       |     9 ||     9
  Eat: Chunk             |     7 |     3 |     9 ||    19
       Bread ration      |       |       |     1 ||     1
Armor: Scale mail        |    64 |    55 |    10 ||   129
       Ring mail         |       |       |    52 ||    52
       Chain mail        |       |       |    20 ||    20
Dodge: Dodged            |    49 |    31 |   103 ||   183
Block: Shield            |    76 |    59 |   214 ||   349
       Reflection        |       |       |     1 ||     1
